 Dungeon Sprint DCSS version 0.20-a0-820-g557356e (webtiles) character file.

759 esc the Fighter (level 7, -2/94 HPs)
             Began as a Demonspawn Berserker on Mar 4, 2017.
             Was a Priest of Trog.
             Slain by a tyrant leech (17 damage)
             ... in the Dungeon (Sprint II: "The Violet Keep of Menkaure").
             The game lasted 00:01:31 (393 turns).

esc the Fighter (Demonspawn Berserker)               Turns: 393, Time: 00:01:32

Health: -2/94      AC:  2    Str: 25    XL:     7   Next: 50%
Magic:  7/7        EV: 22    Int:  8    God:    Trog [***...]
Gold:   729        SH:  0    Dex: 17    Spells: 6/6 levels left

rFire    . . .     SeeInvis .   a - +0 hand axe
rCold    . . .     Gourm    .   b - +0 animal skin
rNeg     . . .     Faith    .   (no shield)
rPois    .         Spirit   .   (no helmet)
rElec    .         Reflect  .   (no cloak)
rCorr    .         Harm     .   (no gloves)
MR       .....     NoTele   +   (no boots)
Stlth    ..........             (no amulet)
Regen    0.3/turn               (no ring)
MPRegen  0.1/turn               (no ring)

@: mighty, agile, berserking (expiring), very quick
A: foul stench 2, powered by pain 1, rot immunity
a: Berserk, Trog's Hand, Burn Spellbooks, Renounce Religion


You were in the Dungeon.
You worshipped Trog.
Trog was most pleased with you.
You were not hungry.

You visited 1 branch You collected 729 gold pieces.

Inventory:

Hand Weapons
 a - a +0 hand axe (weapon)
Armour
 b - a +0 animal skin (worn)
Scrolls
 i - a scroll of blinking {!r}
Potions
 d - a potion of curing
 e - a potion of heal wounds
 f - a potion of haste
 g - 2 potions of magic
 h - a potion of berserk rage {!q}
Comestibles
 c - 6 chunks of flesh {@w0}


   Skills:
 + Level 8.9 Fighting
 + Level 8.1 Axes
 + Level 7.8 Armour
 + Level 7.8 Dodging


You had 6 spell levels left.
You didn't know any spells.

Dungeon Overview and Level Annotations

Branches:
Dungeon (1/1)

Altars:


Innate Abilities, Weirdness & Mutations

You frequently emit foul miasma when damaged in melee.
You sometimes gain a little power by taking damage.
You are immune to rotting.


Message History

You start resting.
You feel your anger subside.
You are no longer berserk.
You are exhausted.
You feel yourself slow down.
You now have 42/62 hp.
Okay, then.
You start resting.
You are feeling very hungry.
You regained 2 hp, and now have 44/62 hp.
You eat the bread ration {@e1}.
That bread ration really hit the spot!
You start resting.
You feel yourself speed up.
You regained 5 hp, and now have 50/62 hp.
You start resting.
The walls and floor vibrate strangely for a moment.
You start resting.
You feel less exhausted.
You start resting.
Health restored: 62 You open the door.
There is an open door, spattered with blood here.
A red film seems to cover your vision as you go berserk!
You feel yourself moving faster!
You feel mighty!
You feel quite a bit more hungry. The hippogriff barely misses you.
The hippogriff closely misses you. x2
You now have 93/93 hp.
You slash the hippogriff! You barely miss the hippogriff.
The hippogriff bites you. The hippogriff completely misses you.
The hippogriff claws you.
You emit a cloud of foul miasma!
You take 8 damage, and have 85/93 hp.
You slash the hippogriff! You hit the hippogriff.
The hippogriff is engulfed in dark miasma.
The hippogriff is poisoned.
The hippogriff seems to slow down.
The hippogriff bites you.
The hippogriff looks sick.
The hippogriff pecks you. The hippogriff misses you.
You take 6 damage, and have 80/93 hp.
You closely miss the hippogriff. You slash the hippogriff!
You kill the hippogriff!
Trog accepts your kill.
Your Axes skill increases to level 8!
You feel a strong urge to attack something.
You are no longer berserk.
You are exhausted.
You feel yourself slow down.
You now have 54/63 hp.
You now have 729 gold pieces (gained 243).
There is an open door, spattered with blood here.
You see here a hippogriff corpse.
You butcher the hippogriff corpse.
c - 6 chunks of flesh {@w0}
There is an open door, spattered with blood here.
You start resting.
You feel yourself speed up.
You regained 4 hp, and now have 62/63 hp.
You start resting.
Health restored: 63 You start waiting.
You feel less exhausted.
You open the door.
A red film seems to cover your vision as you go berserk!
You feel yourself moving faster!
You feel mighty!
You feel a lot more hungry.
You now have 94/94 hp.
You barely miss the tyrant leech.
You hit the tyrant leech but do no damage.
The tyrant leech bites you!!
The tyrant leech draws strength from your injuries!
You take 35 damage, and have 59/94 hp.
MASSIVE DAMAGE!!
You hit the tyrant leech. You closely miss the tyrant leech.
The tyrant leech bites you!!
You focus on the pain.
You feel agile all of a sudden.
The tyrant leech draws strength from your injuries!
The tyrant leech looks sick.
You take 18 damage, and have 41/94 hp.
You hit the tyrant leech. The tyrant leech completely misses you.
You hit the tyrant leech. You hit the tyrant leech.
You barely miss the tyrant leech. The tyrant leech completely misses you.
You slash the tyrant leech! The tyrant leech bites you!!
* * * LOW HITPOINT WARNING * * *
You focus on the pain.
You feel very mighty all of a sudden.
The tyrant leech draws strength from your injuries!
You take 28 damage, and have 14/94 hp.
MASSIVE DAMAGE!!
You are too injured to fight recklessly!
You are too injured to fight recklessly!
You are too injured to fight recklessly!
You closely miss the tyrant leech. You hit the tyrant leech.
The tyrant leech misses you.
You hit the tyrant leech. You hit the tyrant leech.
You barely miss the tyrant leech. The tyrant leech completely misses you.
You hit the tyrant leech. You slash the tyrant leech!
The tyrant leech bites you!
You die...

##+## ##.#.##
#..#..# #
###.##### ##.
#'###.##
#..w##.##...#
#w@<.')#.+
#..$##.##...#
##. ##'###.##
# ##.#.####
#.###.#
##.#.## ##+##


You could see 2 tyrant leeches.

Vanquished Creatures
  A merfolk siren (D)
  2 hippogriffs (D)
  4 worker ants (D)
7 creatures vanquished.

Vanquished Creatures (others)
  Menkaure (D)
  A crocodile (D)
2 creatures vanquished.

Grand Total: 9 creatures vanquished

Notes
Turn   | Place    | Note
-------+----------+-------------------------------------------
     0 | D        | esc the Demonspawn Berserker began the quest for the Orb.
     0 | D        | Reached XP level 1. HP: 18/18 MP: 1/1
     1 | D        | Noticed a worker ant
     1 | D        | Noticed a worker ant
     2 | D        | Noticed a worker ant
     3 | D        | Noticed a worker ant
     4 | D        | Killed a worker ant
     4 | D        | Reached skill level 4 in Fighting
     4 | D        | Reached skill level 3 in Axes
     4 | D        | Reached skill level 2 in Armour
     4 | D        | Reached skill level 3 in Dodging
     4 | D        | Gained mutation: You are immune to rotting. [demonic ancestry]
     4 | D        | Reached XP level 2. HP: 25/25 MP: 2/2
    11 | D        | Reached skill level 4 in Axes
    11 | D        | Reached skill level 3 in Armour
    11 | D        | Gained mutation: You may emit foul miasma when damaged in melee. [demonic ancestry]
    11 | D        | Reached XP level 3. HP: 30/31 MP: 3/3
    14 | D        | Reached ** piety under Trog
    14 | D        | Reached skill level 4 in Dodging
    14 | D        | Gained mutation: You frequently emit foul miasma when damaged in melee. [demonic ancestry]
    14 | D        | Reached XP level 4. HP: 36/38 MP: 4/4
    16 | D        | Reached skill level 5 in Fighting
    16 | D        | Reached skill level 4 in Armour
    24 | D        | Killed a crocodile
    32 | D        | Killed Menkaure
   158 | D        | Noticed a merfolk siren
   167 | D        | Killed a merfolk siren
   167 | D        | Reached skill level 7 in Fighting
   167 | D        | Reached skill level 7 in Axes
   167 | D        | Reached skill level 6 in Armour
   167 | D        | Reached skill level 6 in Dodging
   167 | D        | Reached XP level 5. HP: 48/48 MP: 5/5
   167 | D        | Reached XP level 6. HP: 55/55 MP: 6/6
   226 | D        | Noticed a tyrant leech
   226 | D        | Noticed a tyrant leech
   229 | D        | Noticed a hippogriff
   229 | D        | Noticed a hippogriff
   237 | D        | Killed a hippogriff
   237 | D        | Reached *** piety under Trog
   237 | D        | Reached skill level 8 in Fighting
   237 | D        | Reached skill level 7 in Armour
   237 | D        | Reached skill level 7 in Dodging
   237 | D        | Gained mutation: You sometimes gain a little power by taking damage. [demonic ancestry]
   237 | D        | Reached XP level 7. HP: 62/62 MP: 7/7
   336 | D        | Killed a hippogriff
   336 | D        | Reached skill level 8 in Axes
   386 | D        | HP: 14/94 [tyrant leech (28)]
   393 | D        | Slain by a tyrant leech

Vault maps used:
D:        the_violet_keep_of_menkaure

Skill      XL: |  1  2  3  4  5  6  7 |
---------------+----------------------+-----
Fighting       | 4 7 8 |  8.9
Axes           | 3 4 7 8 |  8.1
Armour         | 2 3 6 7 |  7.8
Dodging        | 3 4 6 7 |  7.8

Action                   |  1- 3 |  4- 6 |  7- 9 || total
-------------------------+-------+-------+-------++-------
Melee: Hand axe          |    12 |    16 |    22 ||    50
Invok: Berserk           |     1 |     2 |     2 ||     5
  Eat: Bread ration      |       |       |     1 ||     1
Armor: Animal skin       |     1 |     1 |       ||     2
Dodge: Dodged            |     4 |     8 |     9 ||    21

Vault maps used:
D:        the_violet_keep_of_menkaure

Table legend:
 A = Turns spent in this place as a percentage of turns spent in the entire game.
 B = Non-inter-level travel turns spent in this place as a percentage of non-inter-level travel turns spent in the entire game.
 C = Inter-level travel turns spent in this place as a percentage of turns spent in this place.
 D = Turns resting spent in this place as a percentage of non-inter-level travel turns spent in this place.
 E = Turns spent auto-exploring this place as a percentage of non-inter-level travel turns spent in this place.
 F = Non-inter-level travel turns spent in this place divided by the number of levels of this place that you've seen.
                   A       B       C       D       E      F
               +-------+-------+-------+-------+-------+----------------------
         Total | 100.0 | 100.0 |   0.0 |  23.0 |   0.0 | 135.0
       Dungeon | 100.0 | 100.0 |   0.0 |  23.0 |   0.0 | 135.0
               +-------+-------+-------+-------+-------+----------------------

Table legend:
 A = Kills in this place as a percentage of kills in entire the game.
 B = Kills by you in this place as a percentage of kills by you in the entire game.
 C = Kills by friends in this place as a percentage of kills by friends in the entire game.
 D = Other kills in this place as a percentage of other kills in the entire game.
 E = Experience gained in this place as a percentage of experience gained in the entire game.
 F = Experience gained in this place divided by the number of levels of this place that you have seen.
                   A       B       C       D       E      F
               +-------+-------+-------+-------+-------+----------------------
         Total | 100.0 | 100.0 |  -nan |  -nan | 100.0 | 1085.0
       Dungeon | 100.0 | 100.0 |  -nan |  -nan | 100.0 | 1085.0
               +-------+-------+-------+-------+-------+----------------------
